Unix NetHack Version 5.0.0-0 post-release - last build May 23 2026 06:08:33 (1c0ff79ee797540d5714e4e18072db0edd9e58ae,branch:main).

Game began 2026-05-26 20:45:13, ended 2026-05-28 05:55:08.

Corncycle, chaotic male human Rogue

                           ---------------------
                          ..........%..)%......|
                         ......%...----)----...---
                        .... %....--.......--....|
                       ...... ...--...*.....--...-------
           ------     ......)....| ......... |.........|      -----
    1  22 1 11.1|      -...------  ...%..... -------...|      |.%.
   13---------.1--    ---%---      -...%...        --!----   --%.---------
     |.%..%Da|451-- --. .%...     -----%-----      ......-- --...|.%.....|
   11|A%.@.@U|4141---.. .[...   ---....%....---    ..$.%%.---..%.|.......|
   34|.aa@Y.&%aaw.aa... .%..    |....).%......|     ....%%%%%%..%%%.%_...|
   44|.@.%!Y.|.4%5--- .....     |. ----.---- .|      .%.%.---%...|.......|
    1|a....ca|1.1-- --....      |  |.......|  |        ..-- --...|.......|
   51---------11--   ----          |.......|           ---   --..---------
   11  1111111..|                  |..._...|                  |...
            -----                  |.......|                  -----
                                   |.......|
                                   ---------

Corncycle the Burglar   St:18/07 Dx:20 Co:18 In:13 Wi:21 Ch:12  Chaotic
Astral Plane $:0  HP:48(141) Pw:58(58) AC:-26 Xp:18 T:43671 

Latest messages:
 The black dragon bites the black dragon.
 The black dragon is killed!
 The silver dragon bites the giant beetle.
 The silver dragon hits the giant beetle.
 The silver dragon knocks the giant beetle backward with a powerful strike!
 The Angel of Kos points at you, then curses.
 You hit the silver dragon!
 You hit the silver dragon!
 What do you want to use or apply? [a-ce-gikpstv-yC-FIMNQRW-Y or ?*]
 In what direction?
 Status of the silver dragon (lawful, gigantic):  Level 22  HP 91(176)  AC -1, scared.
 You hit the silver dragon!
 You hit the silver dragon!
 The invisible Death picks up a wand of cold.
 The silver dragon bites the owlbear.
 The silver dragon hits the owlbear.
 The silver dragon hits the owlbear.
 You hit the silver dragon!
 You hit the silver dragon!
 You hit the silver dragon!
 You hit the silver dragon!
 The invisible Death moves the disenchanter out of the way!
 The cockatrice turns to flee.
 The owlbear turns to flee.
 The black dragon bites the giant beetle.
 The black dragon hits the giant beetle.
 The black dragon knocks the giant beetle backward with a forceful strike!
 The carnivorous ape turns to flee.
 The Angel of Kos points at you, then curses.
 What do you want to use or apply? [a-ce-gikpstv-yC-FIMNQRW-Y or ?*]
 In what direction?
 Status of the silver dragon (lawful, gigantic):  Level 22  HP 1(176)  AC -1, scared.
 You kill the silver dragon!
 You see a gas cloud dissipate.
 The invisible Death moves the fire ant out of the way!
 The soldier ant turns to flee.
 #
 There is a silver dragon corpse here; sacrifice it? [ynq] (n)
 What do you want to sacrifice? [O or ?*]
 You offer the Amulet of Yendor to Kos...
 An invisible choir sings, and you are bathed in radiance...
 The voice of Kos thunders: "Mortal, thou hast done well!"
 "In return for thy service, I grant thee the gift of Immortality!"
 You ascend to the status of Demigod...
 Do you want your possessions identified? [ynq] (y)
 Do you want to see your attributes? [ynq] (y)
 Do you want an account of creatures vanquished? [ynaq] (y)
 Do you want a list of species genocided and extinct? [ynaq] (y)
 Do you want to see your conduct and achievements? [ynq] (y)
 Do you want to see the dungeon overview? [ynq] (y)

Inventory:
 Amulets  ('"')
  P - an uncursed amulet of life saving (being worn)
 Weapons  (')')
  l - a fireproof +5 elven dagger (wielded in right hand)
  q - the rustproof +4 Dragonbane (wielded in left hand)
 Armor    ('[')
  z - an uncursed greased +3 helm of brilliance (being worn)
  H - a blessed greased fireproof +2 pair of gauntlets of dexterity (being worn)
  J - a blessed +2 pair of jumping boots (being worn)
  L - an uncursed +2 pair of levitation boots
  m - a blessed burnt +3 cloak of magic resistance (being worn)
  o - a blessed +3 Hawaiian shirt with a ukulele motif (being worn)
  B - a blessed +4 blue dragon scale mail (being worn)
 Comestibles  ('%')
  K - an uncursed food ration
  U - 2 uncursed K-rations
 Rings    ('=')
  T - an uncursed ring of conflict (on left hand)
  j - an uncursed ring of fire resistance
  h - an uncursed ring of free action
  G - an uncursed ring of levitation
  u - an uncursed ring of regeneration
  V - a blessed ring of slow digestion (on right hand)
  A - an uncursed ring of sustain ability
  Z - an uncursed ring of teleport control
  d - an uncursed ring of teleportation
 Wands    ('/')
  M - a wand of cold (0:2)
  Q - a wand of death (0:0)
  b - a cursed wand of death (0:2)
  D - a wand of digging (0:7)
  g - a wand of digging (0:6)
  s - a wand of digging (0:2)
  I - a wand of digging (0:2)
  y - a wand of enlightenment (0:3)
  k - a wand of light (0:13)
  F - a wand of polymorph (0:8)
  w - a wand of probing (0:4)
  a - a cursed wand of sleep (0:5)
  X - a wand of slow monster (0:7)
  N - a wand of stasis (0:4)
  C - a wand of striking (0:2)
  x - a wand of teleportation (0:4)
  E - a wand of teleportation (0:0)
  R - a wand of wishing (1:1)
 Tools    ('(')
  p - a blessed greased bag of holding containing 62 items
  W - an empty uncursed bag of holding
  Y - an uncursed sack containing 4 items
  t - a cursed blindfold
  c - an uncursed magic lamp (lit)
  i - a cursed magic marker (1:32)
  e - the blessed Master Key of Thievery
  v - an uncursed stethoscope
  f - a blessed +0 unicorn horn
 Gems/Stones  ('*')
  S - 2 blessed luckstones

Contents of the bag of holding:
  1273 gold pieces
  an uncursed amulet of life saving
  an uncursed amulet of life saving
  4 blessed rustproof +5 daggers
  a fireproof +5 elven dagger
  a blessed +3 pair of high boots
  an uncursed +0 pair of water walking boots
  an uncursed +3 shield of reflection
  an uncursed +0 mummy wrapping
  2 uncursed food rations
  an uncursed K-ration
  2 uncursed lizard corpses
  4 blessed scrolls of blank paper
  9 uncursed scrolls of blank paper
  10 cursed scrolls of blank paper
  3 blessed scrolls of charging
  a cursed scroll of create monster
  an uncursed scroll of destroy armor
  a blessed scroll of earth
  an uncursed scroll of enchant armor
  3 blessed scrolls of enchant weapon
  2 uncursed scrolls of enchant weapon
  2 uncursed scrolls of fire
  2 uncursed scrolls of genocide
  an uncursed scroll of gold detection
  a blessed scroll of identify
  a blessed scroll of remove curse
  3 blessed scrolls of scare monster
  an uncursed scroll of taming
  a blessed scroll of teleportation
  4 uncursed scrolls of teleportation
  3 potions of holy water
  6 uncursed potions of water
  3 potions of unholy water
  an uncursed +1 ring of gain strength
  an uncursed ring of polymorph control
  an uncursed +1 ring of protection
  an uncursed ring of protection from shape changers
  a wand of death (0:7)
  a wand of death (0:3)
  a wand of digging (0:8)
  a wand of digging (0:8)
  a wand of lightning (0:7)
  a wand of lightning (0:6)
  a wand of lightning (0:2)
  a wand of magic missile (0:1)
  a wand of polymorph (0:3)
  a wand of secret door detection (0:9)
  a wand of teleportation (0:6)
  a wand of teleportation (0:3)
  a magic marker (1:50)
  a magic marker (0:5)
  a magic marker (1:4)
  a magic marker (1:1)
  a magic marker (0:0)
  a magic marker (1:0)
  an uncursed magic whistle
  a +0 pick-axe
  an uncursed tin opener
  an uncursed tin whistle
  an uncursed tin whistle
  a +0 unicorn horn

Contents of the sack:
  a blessed scroll of remove curse
  a wand of cancellation (0:1)
  a wand of cancellation (0:0)
  a cursed wand of cancellation (0:6)

Corncycle the Rogue's attributes:

Background:
 You were a Burglar, a level 18 male human Rogue.
 You were chaotic, on a mission for Kos
 who was opposed by Issek (lawful) and Mog (neutral).
 You were left-handed.
 You were in the endgame, on the Astral Plane.
 You entered the dungeon 43671 turns ago.
 It was nighttime.
 You had 1348693 experience points, 1211307 more were needed for level 19.

Basics:
 You had 48 out of 141 hit points.
 You had all 58 energy points (spell power).
 Your armor class was -26.
 Your wallet was empty, but
 you had 1273 zorkmids stashed away in your pack.
 Autopickup was on for '.' plus thrown.

Final Characteristics:
 Your strength was 18/07 (limit:18/100).
 Your dexterity was 20 (base:18, innate limit:18).
 Your constitution was 18 (limit:18).
 Your intelligence was 13 (base:10, limit:18).
 Your wisdom was 21 (base:18, innate limit:18).
 Your charisma was 12 (limit:18).

Final Status:
 You weren't hungry.
 You were unencumbered.
 You were wielding two weapons at once.
 Your two weapon skill was limited by being skilled with broadsword.
 You had expert skill with dagger and two weapons.

Final Attributes:
 You were piously aligned.
 You were magic-protected.
 You were fire resistant.
 You were cold resistant.
 You were sleep resistant.
 You were shock resistant.
 Your items were protected from electric shocks.
 You were poison resistant.
 You saw invisible.
 You were telepathic.
 You were warned.
 You had automatic searching.
 You were invisible to others.
 You were stealthy.
 You caused conflict.
 You could jump.
 You had teleport control.
 You had slower digestion.
 You had a moderate defense bonus (+7).
 You were warded.
 You took half physical damage.
 You were very fast.
 You had reflection.
 Your life would have been saved.
 You were extremely lucky.
 You had extra luck.
 Good luck did not time out for you.
 You survived.

Miscellaneous:
 You encountered 2 bones levels.
 Total elapsed playing time was 16 hours, 48 minutes and 34 seconds.

Major events:
 Turn
    1: Corncycle the chaotic male human Rogue entered the dungeon
 1090: attained the rank of Cutpurse (level 3)
 1418: entered the Gnomish Mines
 2148: attained the rank of Rogue (level 6)
 2431: reached Mine Town
 4649: entered Sokoban
 5221: completed 1st Sokoban level
 5549: completed 2nd Sokoban level
 6258: completed 3rd Sokoban level
 8954: the Oracle has been killed
11289: completed 4th Sokoban level
11879: attained the rank of Pilferer (level 10)
11892: acquired the Sokoban bag of holding
18682: performed his first genocide (class L)
19395: entered Home 1, the Quest
22889: killed Medusa
24706: genocided master mind flayers
24831: made his first wish - "2 blessed scrolls of charging", got "a scroll labeled PRIRUTSENIE"
25101: wished for "blessed fixed +2 gauntlets of dexterity", got "a pair of old gloves"
25192: entered Gehennom
25338: attained the rank of Robber (level 14)
27418: the Master of Thieves has granted access to proceed deeper into the quest
27494: entered Home 2, the Quest
27640: entered Home 3, the Quest
28020: entered Home 4, the Quest
28273: entered Home 5, the Quest
28511: killed the Master Assassin
28511: found the Master Key of Thievery carried by a monster
28513: acquired the Bell of Opening
29009: was bestowed with Orcrist by Kos
30844: was bestowed with Sting by Kos
32439: attained the rank of Burglar (level 18)
33496: killed Juiblex
34156: killed Asmodeus
34703: killed Baalzebub
36415: killed Orcus
36674: found the Eyes of the Overworld on the floor
36696: found Dragonbane in a container
37854: genocided class ;
39690: destroyed Vlad the Impaler
39692: acquired the Candelabrum of Invocation
40678: killed the Wizard of Yendor
40681: killed the Wizard of Yendor (2nd time)
40685: killed the Wizard of Yendor (3rd time)
40691: acquired the Book of the Dead
40941: performed the invocation
41047: found Cleaver on the floor
41338: killed the high priest of Moloch
41340: acquired The Amulet of Yendor
41340: wished for "wand of death", got "a wand of death"
42738: killed the Wizard of Yendor (5th time)
43339: wished for "blessed ring of levitation", got "an engagement ring"
43341: entered the Elemental Planes
43341: entered Plane of Earth
43366: entered Plane of Air
43415: entered Plane of Fire
43460: entered Plane of Water
43468: genocided class S
43506: entered the Astral Plane
43517: killed Pestilence
43541: Pestilence has been killed (2nd time)
43574: killed Death
43590: killed Death (2nd time)
43610: killed Famine
43612: found Frost Brand carried by a monster
43632: killed Famine (2nd time)
43639: killed Famine (3rd time)
43649: killed Death (3rd time)
43671: ascended

You didn't know any spells.

Skills:
 Fighting Skills
   bare handed combat [Unskilled]
   two weapon combat  [Expert]
   riding             [Unskilled]
 Weapon Skills
   dagger             [Expert]
   knife              [Unskilled]
   short sword        [Basic]
   broadsword         [Skilled]
   long sword         [Unskilled]
   two-handed sword   [Unskilled]
   saber              [Unskilled]
   club               [Unskilled]
   mace               [Unskilled]
   morning star       [Unskilled]
   flail              [Unskilled]
   hammer             [Unskilled]
   polearms           [Unskilled]
   spear              [Unskilled]
   crossbow           [Unskilled]
   dart               [Unskilled]
   shuriken           [Unskilled]
 Spellcasting Skills
   divination spells  [Unskilled]
   escape spells      [Unskilled]
   matter spells      [Unskilled]

Voluntary challenges:
 Character rerolling was not enabled.
 You genocided 17 types of monsters.
 You never polymorphed an object.
 You never changed form.
 You used 4 wishes.
 You did not wish for any artifacts.
 You did not violate any of the special Sokoban rules.
Achievements:
 You attained the rank of Cutpurse.
 You entered a shop.
 You entered the Gnomish Mines.
 You attained the rank of Rogue.
 You entered Minetown.
 You entered Sokoban.
 You attained the rank of Pilferer.
 You completed Sokoban.
 You entered a temple.
 You defeated Medusa.
 You learned the tune to open and close the Castle's drawbridge.
 You entered Gehennom.
 You attained the rank of Robber.
 You handled the Bell of Opening.
 You attained the rank of Burglar.
 You handled the Candelabrum of Invocation.
 You handled the Book of the Dead.
 You gained access to Moloch's Sanctum.
 You reached the Elemental Planes.
 You reached the Astral Plane.
 You delivered the Amulet of Yendor.
 You ascended!

 The Elemental Planes:
    Astral Plane: <- You are here.
       Many temples and many altars.
    Plane of Water:
    Plane of Fire:
    Plane of Air:
    Plane of Earth:
 The Dungeons of Doom: levels 1 to 29
    Level 1:
       A fountain.
       One way stairs up to The Elemental Planes.
    Level 2:
       Some fountains, a grave.
    Level 3:
    Level 4:
       A scroll shop, a fountain.
       Stairs down to The Gnomish Mines.
    Level 5:
       A weapon shop, an altar to Kos, a fountain.
    Level 6:
       A fountain.
       Oracle of Delphi.
    Level 7: "invocation items left here"
       An altar.
       Stairs up to Sokoban, level 6.
    Level 8:
    Level 9:
       A scroll shop.
    Level 10:
       An altar.
    Level 11:
       A general store.
    Level 12:
    Level 13:
       A sink.
       Portal to The Quest.
    Level 14:
    Level 15:
    Level 16:
       Some shops.
    Level 17:
       A primitive area.
    Level 18:
    Level 19:
    Level 20:
    Level 21:
    Level 22:
       A grave.
    Level 23:
    Level 24:
       A temple and an altar, a fountain.
    Level 25:
       Some fountains, many trees.
    Level 26:
    Level 27:
    Level 28:
    Level 29:
       The castle (play notes "CFFBD" to open or close drawbridge).
       Connection to Gehennom.
 Gehennom: levels 30 to 49
    Level 30:
       A temple and an altar, many graves.
       Valley of the Dead.
    Level 31:
    Level 32:
    Level 33:
       Some fountains.
    Level 34:
    Level 35:
    Level 36:
    Level 37:
    Level 38:
    Level 39:
    Level 40:
       Stairs up to Vlad's Tower, level 39.
    Level 41:
    Level 42:
    Level 43:
    Level 44:
       Some shops, an altar, some graves.
       Final resting place for
          dreadpirate-Mon-Hum-Fem-Cha, killed by a shade, while paralyzed.
    Level 45:
    Level 46:
    Level 47:
    Level 48:
    Level 49:
       A temple and an altar, many graves.
       Moloch's Sanctum.
 The Gnomish Mines: levels 5 to 12
    Level 5:
    Level 6:
    Level 7:
       An altar, some fountains.
    Level 8:
    Level 9:
    Level 10:
    Level 11:
       A grave.
       Final resting place for
          ArrBianca-Bar-Hum-Fem-Cha, killed by a gnome, while frozen by a floating eye's gaze.
    Level 12:
 The Quest: levels 1 to 5
    Level 1:
       Completed quest for the Master of Thieves.
    Level 2:
    Level 3:
    Level 4:
    Level 5:
 Sokoban: levels 6 up to 3
    Level 3:
       Solved.
    Level 4:
       Solved.
    Level 5:
       Solved.
    Level 6:
       Solved.
 Vlad's Tower: levels 39 up to 37
    Level 37:
       A throne.
    Level 38:
    Level 39:


Vanquished creatures:
    Asmodeus
    Baalzebub
    Orcus
  2 erinyes
    Juiblex
the Wizard of Yendor (8 times)
    Death (4 times)
    Pestilence (twice)
    Famine (4 times)
    Vlad the Impaler
  a high cleric
    Medusa
  8 krakens
  6 iron golems
  a storm giant
  a glass golem
  5 balrogs
  3 purple worms
  a gray dragon
  a gold dragon
  3 silver dragons
 10 red dragons
  3 white dragons
  2 orange dragons
  5 black dragons
  5 blue dragons
  4 green dragons
  6 yellow dragons
 22 minotaurs
  4 jabberwocks
the Master Assassin
  4 baluchitheria
  6 Angels
  a stone golem
  6 Olog-hai
  a Nazgul
 12 pit fiends
  2 sandestins
  9 hell hounds
  3 displacer beasts
  6 titanotheres
  2 trappers
  a baby gold dragon
  5 baby red dragons
  3 baby yellow dragons
 22 guardian nagas
  3 genetic engineers
  2 disenchanters
 34 vampire leaders
  6 skeletons
the Oracle
 16 aligned clerics
  7 captains
  6 shades
  3 clay golems
  6 nurses
 11 ice devils
 10 nalfeshnees
  2 lurkers above
  3 Aleaxes
  a frost giant
  8 ettins
  4 golden nagas
  4 black puddings
 24 vampires
  4 lieutenants
 42 ghosts
  2 queen bees
  8 winged gargoyles
  5 mind flayers
  7 giant mimics
  4 long worms
  7 zruties
  3 fire giants
  9 ogre tyrants
  4 ice trolls
  8 rock trolls
  5 umber hulks
  7 flesh golems
  7 elven monarchs
  2 doppelgangers
 18 hezrous
 18 bone devils
  7 large mimics
  5 wumpuses
  9 fire vortices
  8 couatls
 14 stalkers
  4 air elementals
 12 fire elementals
 11 earth elementals
  a water elemental
  3 hill giants
  5 giant mummies
  a black naga
 16 xorns
 24 giant zombies
  5 elf-nobles
 20 sergeants
  6 barbed devils
 12 vrocks
  a salamander
 10 wargs
  5 winter wolves
  9 hell hound pups
  8 small mimics
  2 glass piercers
  6 warhorses
  5 steam vortices
  9 xans
  5 ettin mummies
  3 ogre leaders
 11 quantum mechanics
 16 trolls
  a wood golem
  6 mariliths
  4 sharks
  3 gelatinous cubes
 11 pyrolisks
  a large dog
  6 freezing spheres
  8 flaming spheres
  7 shocking spheres
  2 large cats
  4 tigers
  6 gargoyles
  a tengu
  6 ochre jellies
  4 leocrottas
  2 energy vortices
  2 mountain centaurs
  6 stone giants
 11 elf mummies
  4 human mummies
  9 red nagas
  4 green slimes
  8 pythons
 20 pit vipers
 18 cobras
 41 wraiths
  6 carnivorous apes
 15 ettin zombies
  a leather golem
  6 Grey-elves
 51 soldiers
 11 amorous demons
  5 horned devils
 26 chameleons
  3 crocodiles
 41 giant beetles
  6 quivering blobs
 15 cockatrices
 10 wolves
  8 winter wolf cubs
  4 lynxes
  2 panthers
  5 gremlins
  a spotted jelly
 97 leprechauns
  8 orc-captains
  3 iron piercers
  2 mumakil
 13 giant spiders
  6 scorpions
  6 horses
  6 black lights
 12 vampire bats
  5 forest centaurs
  4 gnome rulers
  6 orc mummies
  5 dwarf mummies
  4 ogres
 10 brown puddings
 11 rust monsters
 10 owlbears
  9 yetis
  4 gold golems
  6 Green-elves
  2 piranha
 21 giant eels
 13 lizards
  6 chickatrices
  3 dogs
  3 housecats
  4 jaguars
  4 dwarf leaders
  6 blue jellies
  a white unicorn
  a gray unicorn
  4 dust vortices
  7 ravens
  7 plains centaurs
  3 gnome mummies
  4 snakes
  5 apes
 19 human zombies
  3 rope golems
  8 Woodland-elves
 39 soldier ants
 48 fire ants
  9 bugbears
  2 quasits
  9 wood nymphs
 14 water nymphs
  4 mountain nymphs
  4 Mordor orcs
 23 Uruk-hai
  5 orc shamans
  8 rock piercers
  2 rock moles
  3 ponies
  3 fog clouds
  8 yellow lights
  4 shriekers
  6 violet fungi
 11 gnome leaders
  5 gnomish wizards
  4 kobold mummies
  a guardian naga hatchling
  2 barrow wights
 16 elf zombies
 15 ghouls
  a paper golem
  4 jellyfish
 64 giant ants
  a little dog
 11 floating eyes
  2 kittens
 17 dwarves
  a homunculus
  4 kobold leaders
  2 kobold shamans
 39 hill orcs
 18 rothes
  2 rabid rats
  2 centipedes
  2 giant bats
  a monkey
 16 orc zombies
 20 dwarf zombies
  4 wererats
  2 werejackals
  8 iguanas
106 killer bees
  3 acid blobs
  3 coyotes
  a gas spore
  2 hobbits
 11 manes
  2 large kobolds
  9 hobgoblins
  8 giant rats
  9 cave spiders
  2 brown molds
  2 yellow molds
  3 green molds
  4 red molds
 43 gnomes
  7 garter snakes
 16 gnome zombies
  9 geckos
 15 jackals
  4 foxes
  a kobold
  3 goblins
  4 sewer rats
 11 grid bugs
  7 bats
  4 lichens
 20 kobold zombies
  5 newts
2307 creatures vanquished.

Genocided or extinct species:
 arch-liches
 krakens
 master liches
 demiliches
 master mind flayers
 liches
 sharks
 electric eels
 pythons
 pit vipers
 cobras
 leprechauns (extinct)
 piranha
 giant eels
 snakes
 water moccasins
 jellyfish
 killer bees (extinct)
 garter snakes
17 species genocided.
2 species extinct.

Goodbye Corncycle the Demigod...

You went to your reward with 2755824 points,
The Master Key of Thievery (worth 3500 zorkmids and 8750 points)
Dragonbane (worth 500 zorkmids and 1250 points)
       3 amulets of life saving (worth 450 zorkmids),
and 1273 pieces of gold, after 43671 moves.
You were level 18 with a maximum of 141 hit points when you ascended.

